 Dungeon Crawl Stone Soup version 0.28.0-53-g5a82cb258f (webtiles) character file.

Game seed: 18437332211990023667

2246 Stomo the Fighter (level 9, -5/77 (82) HPs)
             Began as a White Draconian Fighter on June 18, 2022.
             Slain by osoart's ghost (14 damage)
             ... on level 6 of the Dungeon.
             The game lasted 00:17:14 (8425 turns).

Stomo the Fighter (White Draconian Fighter)         Turns: 8425, Time: 00:17:16

HP:   -5/77 (82)    AC:  8    Str: 23    XL:     9   Next: 15%
MP:   9/9           EV: 16    Int:  8    God:
Gold: 267           SH:  5    Dex: 18    Spells: 8/8 levels left

rFire   + . .      SeeInvis .   w - +1 whip (freeze)
rCold   . . .      Faith    .   (no shield)
rNeg    . . .      Spirit   .   (armour unavailable)
rPois   .          Reflect  +   (helmet restricted)
rElec   .          Harm     .   (no cloak)
rCorr   .          Rampage  +   e - +0 pair of gloves
Will    .....                   (no boots)
Stlth   ++........              t - amulet "Zuqawk" {Reflect Rampage SH+5}
HPRegen 0.22/turn               u - ring of Agyferukh {Fire Dex+7}
MPRegen 0.11/turn               (no ring)

@: short of breath, drained
A: breathe frost, AC +7, unfitting armour, cold resistance 1, cold-blooded
a: Breathe Frost


You were on level 6 of the Dungeon.
You visited 1 branch of the dungeon, and saw 7 of its levels.

You collected 267 gold pieces.

Inventory:

Hand Weapons
 a - a +0 flail
 r - the +8 hand axe "Killer Bee's Death" {freeze, rCorr Int+2 Dex-5 SInv}
   (You found it on level 4 of the Dungeon)

   It freezes those it strikes, dealing additional cold damage.
   It can also slow down cold-blooded creatures.
   Int:       It affects your intelligence (+2).
   Dex:       It affects your dexterity (-5).
   SInv:      It lets you see invisible.
   rCorr:     It protects you from acid and corrosion.
 w - a +1 whip of freezing (weapon)
Missiles
 y - a throwing net (quivered)
Armour
 b - a +0 buckler
 e - a +0 pair of gloves (worn)
 s - a +2 robe of the Archmagi
Jewellery
 d - an amulet of faith
 t - the amulet "Zuqawk" (around neck) {Reflect Rampage SH+5}
   (You found it on level 4 of the Dungeon)

   [amulet of reflection]

   It reflects blocked missile attacks.
   SH:        It affects your SH (+5).
   Rampage:   It bestows one free step when moving towards enemies.
 u - the ring of Agyferukh (left hand) {Fire Dex+7}
   (You found it on level 4 of the Dungeon)

   [ring of fire]

   It enhances your fire magic.
   Dex:       It affects your dexterity (+7).
   rF:        It protects you from fire.
   rC:        It makes you vulnerable to cold.
Wands
 x - a wand of iceblast (11)
Scrolls
 f - 2 scrolls of teleportation
 g - 2 scrolls of silence
 h - a scroll of enchant weapon {unknown}
 j - 2 scrolls of immolation {unknown}
 k - a scroll of enchant armour {unknown}
 l - a scroll of amnesia {unknown}
 m - 4 scrolls of identify
 n - 2 scrolls of fear {unknown}
 p - 2 scrolls of blinking {unknown}
 q - a scroll of magic mapping {unknown}
Potions
 c - 2 potions of might
 i - a potion of degeneration
 o - 2 potions of berserk rage {unknown}
 v - a potion of mutation {unknown}
 z - a potion of lignification {unknown}
 A - a potion of magic {unknown}


   Skills:
 + Level 8.4 Fighting
 + Level 7.3 Maces & Flails
 + Level 7.0 Dodging
 - Level 3.0 Shields


You had 8 spell levels left.
You didn't know any spells.
Your spell library contained the following spells:

 Spells                   Type           Power      Damage    Failure   Level
 Magic Dart               Conj           0%         1d3       41%         1
 Pain                     Necr           0%         1d4       41%         1
 Slow                     Hex            0%         N/A       41%         1
 Blink                    Tloc           0%         N/A       54%         2
 Call Imp                 Summ           0%         N/A       54%         2
 Confusing Touch          Hex            0%         N/A       78%         3
 Inner Flame              Hex/Fire       0%         N/A       78%         3
 Mephitic Cloud           Conj/Pois/Air  0%         N/A       78%         3
 Vampiric Draining        Necr           0%         2d6       78%         3
 Agony                    Necr           0%         N/A       100%        5
 Excruciating Wounds      Necr           0%         N/A       100%        5
 Manifold Assault         Tloc           0%         N/A       100%        5
 Storm Form               Tmut/Air       0%         N/A       100%        7
 Necromutation            Tmut/Necr      0%         N/A       100%        8


Dungeon Overview and Level Annotations

Branches:
Dungeon (7/15)
 Temple: D:4-7

Altars:
Dithmenos
Nemelex Xobeh
Yredelemnul

Shops:
D:2 ?

Annotations:
D:6 osoart's ghost, novice MiFi


Innate Abilities, Weirdness & Mutations

You can breathe waves of freezing cold which knock back foes.
Your icy white scales are hard. (AC +7)
You cannot fit into any form of body armour.
Your flesh is cold resistant. (rC+)
You are cold-blooded and may be slowed by cold attacks.


Message History

You hit osoart's ghost but do no damage.
Osoart's ghost is moderately damaged.
You barely miss osoart's ghost.
You punch osoart's ghost, but do no damage.
Osoart's ghost is moderately damaged.
Osoart's ghost hits you.
You barely miss osoart's ghost.
Your tail-slap misses osoart's ghost.
Osoart's ghost is moderately damaged.
You have got your breath back.
Osoart's ghost completely misses you.
You whack osoart's ghost! You freeze osoart's ghost.
Your tail-slap misses osoart's ghost.
Osoart's ghost is heavily damaged.
Osoart's ghost completely misses you.
You hit osoart's ghost. You freeze osoart's ghost.
Osoart's ghost is heavily damaged.
You hit osoart's ghost but do no damage.
Your tail-slap misses osoart's ghost.
Osoart's ghost is heavily damaged.
Osoart's ghost hits you!
* * * LOW HITPOINT WARNING * * *
You hit osoart's ghost but do no damage.
Osoart's ghost is heavily damaged.
You block osoart's ghost's attack.
Aiming: Breathe Frost (4% risk of failure)
Press: ? - help, Shift-Dir - straight line, f/p - osoart's ghost
Aim: osoart's ghost (heavily damaged, 77% to hit)
You exhale a wave of freezing cold.
The freezing breath hits osoart's ghost but does no damage.
Osoart's ghost is heavily damaged.
You block osoart's ghost's attack.
You hit osoart's ghost but do no damage.
Osoart's ghost is heavily damaged.
Osoart's ghost hits you!
* * * LOW HITPOINT WARNING * * *
You hit osoart's ghost but do no damage.
Osoart's ghost is heavily damaged.
Unknown command.
Osoart's ghost hits you!
You die...

#####...#......................
##.....#.).....#......##....
#.....#........##.##..#####.
#.#.......#.#..##.##.## #.
#####...####....#.###..#.# #.
#.#....## #.........#....# #.
#...#..####.............## #.
##..##.#......#...........####
#.
#........###.##.@....##.#....#
#.
#.....###....##..W...##.####.#
#. ....####..#####<.....##..#
#.# #. ....##...##
###......###.###.###.
...###.### ##........#
#.##....#. #.###..#
###..#......# #.##.##.#.
....#.####...........#
#.##..♣♣♣.
..#........##.########
#.#♣♣.♣..♣ ##..####......#
#.♣♣.♣.♣.♣


You could see osoart's ghost.

Vanquished Creatures
  Grinder (D:3)
  A yak (D:4)
  A water moccasin (D:6)
  An orc warrior (D:7)
  A sky beast (D:5)
  2 ogres
  A necrophage (D:6)
  A hornet zombie (D:6)
  A phantom (D:6)
  A kobold brigand (D:5)
  A bullfrog (D:7)
  A scorpion (D:5)
  A water moccasin skeleton (D:5)
  2 wights (D:7)
  A bullfrog zombie (D:5)
  A centaur zombie (D:6)
  5 hounds
  A bullfrog skeleton (D:4)
  4 orc priests
  3 iguanas
  4 orc wizards
  3 killer bee zombies (D:6)
  3 howler monkey zombies
  A howler monkey skeleton (D:5)
  5 adders
  5 gnolls (D:4)
  An adder skeleton (D:4)
  A worm (D:2)
  2 dart slugs (D:1)
  22 orcs
  4 bats
  7 endoplasms
  7 giant cockroaches
  5 goblins
  10 hobgoblins
  4 jackals (D:4)
  6 quokkas
  8 ball pythons
  3 frilled lizards
  11 kobolds
  15 rats
158 creatures vanquished.

Vanquished Creatures (others)
  20 fungi (D:4)
  9 plants
29 creatures vanquished.

Grand Total: 187 creatures vanquished

Notes
Turn   | Place    | Note
-------+----------+-------------------------------------------
     0 | D:1      | Stomo the Draconian Fighter began the quest for the Orb.
     0 | D:1      | Reached XP level 1. HP: 19/19 MP: 1/1
   206 | D:1      | Reached XP level 2. HP: 26/26 MP: 2/2
   894 | D:1      | Reached XP level 3. HP: 33/33 MP: 3/3
  1417 | D:2      | Found Aqaubbet's Magic Scroll Shop.
  2085 | D:3      | Reached skill level 4 in Fighting
  2089 | D:3      | Found a shadowy altar of Dithmenos.
  2171 | D:3      | Noticed Grinder
  2474 | D:3      | Reached XP level 4. HP: 35/40 MP: 4/4
  2688 | D:3      | Killed Grinder
  2689 | D:3      | Reached skill level 5 in Fighting
  2689 | D:3      | Reached XP level 5. HP: 36/48 MP: 5/5
  2689 | D:3      | Reached XP level 6. HP: 42/56 MP: 6/6
  3398 | D:4      | Got the Tome of Torrid Transmutation
  4318 | D:4      | Your scales start taking on an icy white colour.
  4318 | D:4      | Reached XP level 7. HP: 58/62 MP: 7/7
  4318 | D:4      | Gained mutation: Your flesh is cold resistant. (rC+) [White
                  | Draconian growth]
  4389 | D:4      | Found a large runed translucent door.
  4389 | D:4      | Found a large runed translucent door.
  4832 | D:4      | Found a large runed translucent door.
  4832 | D:4      | Found a large runed translucent door.
  4844 | D:4      | Identified the +8 hand axe "Killer Bee's Death" {freeze,
                  | rCorr Int+2 Dex-5 SInv}
  4872 | D:4      | Noticed a yak
  4970 | D:4      | Killed a yak
  4971 | D:4      | Reached skill level 6 in Fighting
  4971 | D:4      | Reached skill level 5 in Dodging
  5097 | D:4      | Reached skill level 5 in Maces & Flails
  5145 | D:4      | Identified the amulet "Zuqawk" {Reflect Rampage SH+5}
  5255 | D:4      | Identified the ring of Agyferukh {Fire Dex+7}
  5308 | D:5      | Entered Level 5 of the Dungeon
  5530 | D:5      | Reached XP level 8. HP: 57/71 MP: 8/8
  5779 | D:5      | Found a sparkling altar of Nemelex Xobeh.
  6181 | D:5      | Reached skill level 7 in Fighting
  6510 | D:6      | Found a basalt altar of Yredelemnul.
  7177 | D:6      | Found a runed translucent door.
  7179 | D:6      | Noticed osoart's ghost (novice MiFi)
  7476 | D:6      | Reached skill level 8 in Fighting
  7717 | D:7      | Reached XP level 9. HP: 55/81 MP: 9/9
  8047 | D:7      | HP: 3/76 [wight/+1 great sword of protection (19)]
  8049 | D:6      | HP: 1/76 [adder (3)]
  8425 | D:6      | Slain by osoart's ghost

Illustrated notes

Levels and vault maps discovered:
D:1:      lemuel_arrival_muddy, layout_basic
D:2:      layout_basic, serial_shops, nicolae_shop_competitors_out_of_business
D:3:      layout_loops_ring, mainiacjoe_overflow_chevrons,
          guppyfry_early_lair_pool, uniq_grinder
D:4:      kennysheep_spiral_hall, layout_loops_corners,
          chequers_temple_overflow_statue_of_worship, serial_aquarium,
          aquarium_bridge_straight [aquarium_subvault_bridge,
          aquarium_subvault_window, aquarium_subvault_bridge,
          aquarium_subvault_window], aquarium_bridge_long_separate
          [aquarium_subvault_bridge, aquarium_subvault_window,
          aquarium_subvault_wall, aquarium_subvault_bridge,
          aquarium_subvault_balcony, aquarium_subvault_wall],
          aquarium_window_fake, aquarium_window_corridor_1,
          aquarium_window_fake, aquarium_view_4, serial_shops, shop,
          minmay_hollow_rounded_squares
D:5:      layout_gridville, kennysheep_mini, minivault_27,
          minmay_misc_feat_rows, lexackson_kobold_supper
D:6:      layout_rooms, nicolae_yredelemnul_corpse_copse, portal_sewer_entry_e,
          ebering_ghost_sewer_d, chequers_serial_rivers_micro_a
D:7:      cheibrodos_statue_roulette, layout_rooms,
          mainiacjoe_overflow_24_doors, minmay_temple_entry_enclosed_plants

Skill      XL: |  1  2  3  4  5  6  7  8  9 |
---------------+----------------------------+-----
Dodging        | 3 4 5 6 7 |  7.0
Fighting       | 4 5 6 8 |  8.4
Maces & Flails | 3 4 5 7 |  7.3
Shields        | |  3.0

Action                   |  1- 3 |  4- 6 |  7- 9 || total
-------------------------+-------+-------+-------++-------
Melee: Flail             |   124 |   160 |    81 ||   365
       Tailslap          |    11 |    15 |    62 ||    88
       Punch             |     2 |       |     7 ||     9
       Whip              |       |       |   368 ||   368
Throw: Throwing net      |       |       |     1 ||     1
 Abil: Breathe Frost     |       |       |    19 ||    19
  Use: Scroll            |     2 |     1 |     2 ||     5
       Potion            |     1 |     1 |       ||     2
 Stab: Distracted        |       |       |     1 ||     1
       Sleeping          |       |       |     1 ||     1
Armor: Skin              |    50 |    45 |    98 ||   193
Dodge: Dodged            |    79 |   118 |   226 ||   423
Block: Other             |       |       |    61 ||    61
